 Dungeon Crawl Stone Soup version 0.30.1-3-gfc49f6343a (webtiles) character file.

Game seed: 17712883456998536971

311 arthad the Trooper (level 6, -19/39 HPs)
             Began as a Gargoyle Fighter on July 22, 2023.
             Demolished by an ogre
             ... wielding a +0 giant club
              (22 damage)
             ... on level 4 of the Dungeon.
             The game lasted 00:04:54 (2285 turns).

arthad the Trooper (Gargoyle Fighter)               Turns: 2285, Time: 00:04:54

Health: -19/39     AC: 12    Str: 22    XL:     6   Next: 42%
Magic:  2/2        EV:  9    Int: 14    God:
Gold:   221        SH:  4    Dex:  9    Spells: 5/5 levels left

rFire   + + .        b - +8 sling of Uncomfortable Rashes {antimagic, rF++}
rCold   . . .        c - +0 buckler
rNeg    + . .        i - +0 scale mail
rPois   ∞            (no helmet)
rElec   +            (no cloak)
rCorr   .            h - +0 pair of gloves
SInv    +            (no boots)
Will    .....        f - amulet of magic regeneration Stlth
                     e - ring of see invisible
HPRegen 0.26/turn    k - +6 ring of intelligence
MPRegen 0.48/turn

%: no passive effects
@: no status effects
A: sickness immunity, AC +4, negative energy resistance 1, electricity
resistance, torment resistance 1, petrification resistance
a: no special abilities


You were on level 4 of the Dungeon.
You visited 1 branch of the dungeon, and saw 4 of its levels.

You collected 221 gold pieces.

Inventory:

Hand Weapons
 a - a +0 flail
 b - the +8 sling of Uncomfortable Rashes (weapon) {antimagic, rF++}
   (You found it on level 2 of the Dungeon)

   rF:        It greatly protects you from fire.
Armour
 c - a +0 buckler (worn)
 h - a +0 pair of gloves (worn)
 i - a +0 scale mail (worn)
 n - the +3 leather armour "Zunuowk" {rElec rPois MP-9 Dex+8}
   (You found it on level 2 of the Dungeon)

   Dex:       It affects your dexterity (+8).
   rElec:     It insulates you from electricity.
   rPois:     It protects you from poison.
   MP:        It affects your magic capacity (-9).
Jewellery
 e - a ring of see invisible (left hand)
 f - an amulet of magic regeneration (around neck)
 k - a +6 ring of intelligence (right hand)
Scrolls
 d - 2 scrolls of teleportation {unknown}
 j - a scroll of magic mapping {unknown}
 l - a scroll of brand weapon {unknown}
 o - a scroll of silence {unknown}
 q - 4 scrolls of identify
Potions
 g - 3 potions of curing
 m - a potion of cancellation {unknown}
 p - a potion of might
 r - a potion of heal wounds {unknown}
 s - a potion of ambrosia {unknown}


   Skills:
 + Level 4.7 Fighting
 + Level 3.6 Maces & Flails
 + Level 1.0 Ranged Weapons
 + Level 4.7 Armour
 + Level 4.6 Shields


You had 5 spell levels left.
You didn't know any spells.
Your spell library was empty.

Dungeon Overview and Level Annotations

Branches:
Dungeon (4/15)
 Temple: D:4-7

Altars:
Dithmenos
Makhleb
Wu Jian


Innate Abilities, Weirdness & Mutations

You are immune to sickness and miasma.
Your stone body is resilient. (AC +4)
You are immune to poison.
You resist negative energy. (rN+)
You are resistant to electric shocks. (rElec)
You are resistant to unholy torment.
You are immune to petrification.


Message History

You kill the shadow imp!
An ogre comes into view. It is wielding a +0 giant club.
Your Ranged Weapons skill increases to level 1!
You shoot a sling bullet. The sling bullet hits the ogre.
The ogre is lightly wounded.
You shoot a sling bullet.
The sling bullet hits the ogre but does no damage.
The ogre is lightly wounded.
You shoot a sling bullet. The sling bullet hits the ogre.
The ogre is moderately wounded.
The ogre closely misses you.
A dart slug comes into view.
You shoot a sling bullet.
The sling bullet barely misses the ogre.
The ogre hits you with a +0 giant club!
You shoot a sling bullet. The sling bullet hits the ogre!
The ogre is heavily wounded.
The ogre hits you with a +0 giant club!
You are too injured to fight recklessly!
You are too injured to fight recklessly!
You are too injured to fight recklessly!
You are too injured to fight recklessly!
You are too injured to fight recklessly!
You are too injured to fight recklessly!
There are monsters nearby!
Fire: b) +8 sling of Uncomfortable Rashes {antimagic, rF++}
Press: ? - help, Q - select action Shift-Dir - straight line, f/p - ogre
Aim: an ogre, wielding a +0 giant club (heavily wounded, 77% to hit)
You shoot a sling bullet. The sling bullet hits the ogre.
The ogre is severely wounded.
The ogre hits you with a +0 giant club!
* * * LOW HITPOINT WARNING * * *
Fire: b) +8 sling of Uncomfortable Rashes {antimagic, rF++}
Press: ? - help, Q - select action Shift-Dir - straight line, f/p - ogre
Aim: an ogre, wielding a +0 giant club (severely wounded, 77% to hit)
You shoot a sling bullet. The sling bullet hits the ogre.
The ogre is almost dead.
The ogre hits you with a +0 giant club!!
Ouch! That really hurt!
You die...

### ..# ... #.#
#.# #w#
#.########
..#####<#.......
........@<......
#...###.#O#####.
.. #.#.# .(#.#
...... ..#####
..# ..#


You could see an ogre and a dart slug.

Vanquished Creatures
  Sigmund (D:2)
  7 gnolls
  2 adders
  A shadow imp (D:4)
  A worm (D:2)
  3 dart slugs
  An orc (D:3)
  5 ball pythons
  3 bats
  4 endoplasms
  2 giant cockroaches
  6 goblins
  5 hobgoblins
  3 jackals (D:1)
  8 kobolds
  2 frilled lizards
  4 rats
58 creatures vanquished.

Notes
Turn   | Place    | Note
-------+----------+-------------------------------------------
     0 | D:1      | arthad the Gargoyle Fighter began the quest for the Orb.
     0 | D:1      | Reached XP level 1. HP: 14/14 MP: 1/1
   137 | D:1      | Reached XP level 2. HP: 18/19 MP: 2/2
   294 | D:1      | Reached XP level 3. HP: 23/23 MP: 3/3
   842 | D:2      | Identified the +8 sling of Uncomfortable Rashes {antimagic,
                  | rF++}
   850 | D:2      | Noticed Sigmund
   872 | D:2      | HP: 1/24 [something (2)]
   886 | D:2      | HP: 1/24 [gnoll/+0 flail (8)]
  1004 | D:2      | Killed Sigmund
  1005 | D:2      | Reached XP level 4. HP: 19/30 MP: 1/4
  1005 | D:2      | Reached XP level 5. HP: 22/34 MP: 1/5
  1115 | D:2      | Reached XP level 6. HP: 39/39 MP: 2/6
  1318 | D:2      | Identified the +3 leather armour "Zunuowk" {rElec rPois
                  | MP-9 Dex+8}
  1500 | D:3      | Found a shadowy altar of Dithmenos.
  1639 | D:3      | Found an ornate altar of the Wu Jian Council.
  1639 | D:3      | Found a burning altar of Makhleb.
  2279 | D:4      | Reached skill level 1 in Ranged Weapons
  2285 | D:4      | Demolished by an ogre

Illustrated notes

Levels and vault maps discovered:
D:1:      dpeg_arrival_ternary, layout_loops_ring
D:2:      layout_rooms, uniq_sigmund
D:3:      layout_basic, gammafunk_temple_overflow_wave,
          mainiacjoe_overflow_tiny_flanked
D:4:      layout_loops_ring, uniq_grinder

Skill      XL: |  1  2  3  4  5  6 |
---------------+-------------------+-----
Fighting       | 4 |  4.7
Maces & Flails | 3 |  3.6
Armour         | 4 |  4.7
Shields        | 4 |  4.6
Ranged Weapons | 1 |  1.0

Action                     |  1- 3 |  4- 6 || total
---------------------------+-------+-------++-------
  Melee: Flail             |   103 |       ||   103
   Fire: Sling             |    11 |    94 ||   105
    Use: Potion            |     4 |       ||     4
         Scroll            |     1 |       ||     1
 Armour: Scale mail        |    60 |    22 ||    82
  Dodge: Dodged            |    51 |    12 ||    63
  Block: Buckler           |    23 |     5 ||    28
